 Dungeon Crawl Stone Soup version 0.30.1-11-g7821555f0a (webtiles) character file.

Game seed: 16847901458365213197

65 paperchamomiles the Chopper (level 3, 0/33 HPs)
             Began as a Minotaur Berserker on Dec 1, 2023.
             Was a Follower of Trog.
             Slain by a quokka (2 damage)
             ... on level 2 of the Dungeon.
             The game lasted 00:04:03 (846 turns).

paperchamomiles the Chopper (Minotaur Berserker)     Turns: 846, Time: 00:04:03

Health: 0/33       AC:  4    Str: 23    XL:     3   Next: 92%
Magic:  2/2        EV: 12    Int:  4    God:    Trog [*.....]
Gold:   48         SH:  0    Dex:  9    Spells: 2/2 levels left

rFire   . . .        a - +0 hand axe
rCold   . . .        (no shield)
rNeg    . . .        p - +0 leather armour
rPois   .            (helmet restricted)
rElec   .            (no cloak)
rCorr   .            i - +0 pair of gloves
SInv    .            (no boots)
Will    .....        (no amulet)
Stlth   +            (no ring)
HPRegen 0.25/turn    (no ring)
MPRegen 0.08/turn

%: no passive effects
@: no status effects
A: horns 2, retaliatory headbutt
a: Renounce Religion, Berserk


You were on level 2 of the Dungeon.
You worshipped Trog.
Trog was aware of your devotion.
You visited 1 branch of the dungeon, and saw 2 of its levels.

You collected 48 gold pieces.

Inventory:

Hand Weapons
 a - a +0 hand axe (weapon)
Missiles
 h - 8 stones (quivered)
Armour
 b - a +0 animal skin
 i - a +0 pair of gloves (worn)
 p - a +0 leather armour (worn)
Scrolls
 d - a scroll of fear
 e - a scroll of identify
 g - a scroll of fog {unknown}
 m - a scroll of teleportation {unknown}
 n - a scroll of noise {unknown}
 o - a scroll of magic mapping {unknown}
Potions
 c - a potion of flight {unknown}
 f - a potion of lignification {unknown}
 j - a potion of degeneration {unknown}
 k - a potion of curing
 l - a potion of cancellation {unknown}


   Skills:
 + Level 4.2 Fighting
 + Level 4.8 Axes
 + Level 2.9 Armour
 + Level 2.5 Dodging
 + Level 0.5 Stealth


You had 2 spell levels left.
You didn't know any spells.
Your spell library was empty.

Dungeon Overview and Level Annotations

Branches:
Dungeon (2/15)

Altars:


Innate Abilities, Weirdness & Mutations

You have a pair of horns on your head.
You reflexively headbutt those who attack you in melee.


Message History

The gnoll closely misses you.
The gnoll shouts!
The gnoll barely misses you.
A quokka comes into view.
Things that are here:
a +0 club; a rat corpse; a gnoll corpse You completely miss the gnoll.
Your headbutt misses the gnoll.
The gnoll is lightly wounded.
The gnoll hits you but does no damage.
You barely miss the gnoll.
You headbutt the gnoll, but do no damage.
The gnoll is lightly wounded.
The gnoll hits you with a +0 whip.
You closely miss the gnoll.
The gnoll is lightly wounded.
You hit the gnoll. The gnoll closely misses you. The gnoll misses you.
You furiously retaliate!
You headbutt the gnoll. You hit the gnoll.
The gnoll is heavily wounded.
You barely miss the gnoll. The gnoll closely misses you.
You furiously retaliate!
You headbutt the gnoll. The gnoll closely misses you.
You barely miss the gnoll. You headbutt the gnoll. You punch the gnoll.
The gnoll is almost dead.
You barely miss the gnoll. You hit the gnoll.
The gnoll hits you with a +0 flail.
* * * LOW HITPOINT WARNING * * *
The gnoll barely misses you. The gnoll misses you.
You slash the gnoll!
You kill the gnoll!
Trog accepts your kill.
You miss the quokka. You hit the gnoll. You hit the gnoll but do no damage.
The gnoll closely misses you. The gnoll hits you with a +0 whip.
* * * LOW HITPOINT WARNING * * *
The quokka closely misses you.
You hit the gnoll.
You kill the gnoll!
Trog accepts your kill.
You barely miss the quokka. You hit the gnoll. The gnoll barely misses you.
The quokka bites you.
You die...

....... .# ............
..# #.......... ..#
#.........# ...#
#####.........#####...##
.......................#
...............(r.......
...............@)......#
.......^.....†.)g......#
........................
........................
########.................
...##....................
...##....................
......................###
......................#


You could see a gnoll and a quokka.

Vanquished Creatures
  3 gnolls (D:2)
  2 adders (D:2)
  3 endoplasms (D:1)
  A giant cockroach (D:2)
  3 goblins
  5 hobgoblins (D:1)
  3 ball pythons (D:1)
  2 bats
  5 kobolds (D:1)
  2 rats
29 creatures vanquished.

Notes
Turn   | Place    | Note
-------+----------+-------------------------------------------
     0 | D:1      | paperchamomiles the Minotaur Berserker began the quest for
                  | the Orb.
     0 | D:1      | Reached XP level 1. HP: 19/19 MP: 0/0
     2 | D:1      | Noticed a naga
     2 | D:1      | Noticed an octopode
     4 | D:1      | Noticed a ghoul
     4 | D:1      | Noticed a demigod
     6 | D:1      | Noticed a human
     6 | D:1      | Noticed a gargoyle
     8 | D:1      | Noticed an ogre
    10 | D:1      | Noticed an elf
    10 | D:1      | Noticed a spriggan
    12 | D:1      | Noticed an armataur
    12 | D:1      | Noticed a formicid
    14 | D:1      | Noticed a vine stalker
    16 | D:1      | Noticed a vampire
    16 | D:1      | Noticed a felid
    18 | D:1      | Noticed a merfolk
    18 | D:1      | Noticed a meteoran
    20 | D:1      | Noticed a tengu
    22 | D:1      | Noticed a troll
    22 | D:1      | Noticed a draconian
    24 | D:1      | Noticed a minotaur
    24 | D:1      | Noticed a vine stalker
    26 | D:1      | Noticed a human
    26 | D:1      | Noticed a spriggan
   181 | D:1      | Reached XP level 2. HP: 27/27 MP: 1/1
   821 | D:2      | Reached XP level 3. HP: 33/33 MP: 2/2
   846 | D:2      | Slain by a quokka

Illustrated notes

Levels and vault maps discovered:
D:1:      kb_arrival_jail, layout_loops_ring, chequers_serial_rivers_small_a
D:2:      layout_basic

Skill      XL: |  1  2 |
---------------+-------+-----
Fighting       | 4 |  4.2
Axes           | 4 |  4.8
Armour         | |  2.9
Dodging        | |  2.5
Stealth        | |  0.5

Action                     || total
---------------------------++-------
  Melee: Hand axe          ||    58
         Headbutt          ||     7
         Punch             ||     2
 Invoke: Berserk           ||     1
    Use: Scroll            ||     2
 Armour: Animal skin       ||     2
         Leather armour    ||     5
  Dodge: Dodged            ||    33
